 Dungeon Crawl Stone Soup version 0.26.0-16-gc1dbca0489 (webtiles) character file.

Game seed: 14948680562405944938

18924 promet the Slinger (level 13, -5/90 HPs)
             Began as a Halfling Hunter on Jan 15, 2021.
             Was a Believer of Dithmenos.
             Slain by an eight-headed hydra (9 damage)
             ... on level 2 of the Lair of Beasts on Jan 17, 2021.
             The game lasted 03:45:41 (23817 turns).

promet the Slinger (Halfling Hunter)               Turns: 23817, Time: 03:45:42

Health: -5/90      AC: 16    Str: 15    XL:     13   Next: 0%
Magic:  13/13      EV: 14    Int: 11    God:    Dithmenos [**....]
Gold:   533        SH:  0    Dex: 16    Spells: 10/12 levels left

rFire    . . .     SeeInvis .   b - +4 whip
rCold    . . .     Faith    .   (shield restricted)
rNeg     . . .     Spirit   .   F - +3 scale mail {rPois}
rPois    +         Reflect  .   (no helmet)
rElec    .         Harm     .   R - +2 cloak
rCorr    .         Rampage  .   v - +1 pair of gloves {archery}
Will     .....                  (no boots)
Stlth    +++.......             Q - amulet of magic regeneration
HPRegen  0.25/turn              c - +4 ring of slaying
MPRegen  0.38/turn              H - ring of stealth

@: about to teleport, frozen, wreathed by umbra, very slow
A: small, mutation resistance 1
a: Renounce Religion, Shadow Step


You were on level 2 of the Lair of Beasts.
You worshipped Dithmenos.
Dithmenos was pleased with you.
You visited 3 branches of the dungeon, and saw 14 of its levels.

You collected 785 gold pieces.
You spent 252 gold pieces at shops.

Inventory:

Hand Weapons
 a - a +4 hunting sling
 b - a +4 whip (weapon)
 g - a +2 flail of protection
 q - a +2 shortbow of freezing
 t - a +0 short sword of speed
 C - a +3 dagger
 E - a +1 dagger of protection
 N - a +4 spear of freezing
 O - a +0 long sword of protection
 P - a +1 broad axe of flaming
Missiles
 d - 24 sling bullets
 h - 219 arrows
 j - 7 javelins
 o - 323 stones
 r - 7 boomerangs (quivered)
 y - 78 bolts
 A - 34 poisoned darts
 M - 4 atropa-tipped darts
 U - 4 curare-tipped darts
Armour
 m - a +0 plate armour
 v - a +1 pair of gloves of archery (worn)
 F - a +3 scale mail of poison resistance (worn)
 G - a +0 buckler
 R - a +2 cloak (worn)
Jewellery
 c - a +4 ring of slaying (left hand)
 e - an uncursed ring of protection from fire
 u - an uncursed amulet of the acrobat
 w - an uncursed amulet of guardian spirit
 H - a ring of stealth (right hand)
 J - an uncursed amulet of faith
 Q - an amulet of magic regeneration (around neck)
Wands
 z - a wand of enslavement (5)
 D - a wand of disintegration (34)
 I - a wand of polymorph (10)
Scrolls
 k - 4 scrolls of teleportation
 p - 4 scrolls of amnesia
 B - 2 scrolls of remove curse
 S - a scroll of identify
Potions
 f - a potion of cancellation {unknown}
 i - 2 potions of resistance
 l - 2 potions of flight {unknown}
 n - 2 potions of curing
 s - a potion of brilliance
 x - a potion of degeneration {unknown}
 K - a potion of haste
 T - 2 potions of attraction
Miscellaneous
 L - a phantom mirror (inert)


   Skills:
 * Level 9.4 Fighting
 + Level 3.2 Short Blades
 + Level 1.7(5.4) Axes
 + Level 7.3(7.4) Maces & Flails
 + Level 0.5(1.1) Polearms
 + Level 12.3(12.6) Slings
 + Level 10.3 Bows
 + Level 3.3(6.5) Throwing
 + Level 7.8 Armour
 + Level 4.7 Dodging
 + Level 3.4 Stealth
 + Level 0.3 Spellcasting
 + Level 0.2 Hexes
 + Level 1.5 Evocations


You had 10 spell levels left.
You knew the following spells:

 Your Spells              Type           Power        Failure   Level
a - Corona                Hex            0%           69%         1
b - Magic Dart            Conj           0%           73%         1

Your spell library contained the following spells:

 Spells                   Type           Power        Failure   Level
 Animate Skeleton         Necr           0%           73%         1
 Apportation              Tloc           0%           73%         1
 Summon Small Mammal      Summ           0%           73%         1
 Ensorcelled Hibernation  Hex/Ice        0%           85%         2
 Searing Ray              Conj           0%           86%         2
 Confusing Touch          Hex            0%           96%         3
 Tukima's Dance           Hex            0%           96%         3
 Dazzling Flash           Conj/Hex       0%           97%         3
 Fulminant Prism          Conj/Hex       0%           100%        4
 Iskenderun's Mystic Bla  Conj/Tloc      0%           100%        4


Dungeon Overview and Level Annotations

Branches:
Dungeon (11/15)            Temple (1/1) D:5            Lair (2/6) D:11
    Orc (0/2) D:10
  Swamp: Lair:2-4    Shoals: Lair:2-4     Snake: Lair:2-4    Spider: Lair:2-4

Altars:
Ashenzari
Cheibriados
Dithmenos
Elyvilon
Fedhas
Gozag
Kikubaaqudgha
Makhleb
Nemelex Xobeh
Ru
Uskayaw
Wu Jian
Xom
The Shining One
Jiyva

Shops:
D:4 *   D:7 =

Annotations:
D:7 A Bailey on this level
D:8 2 transporters, boopsy's ghost, novice TrBr


Innate Abilities, Weirdness & Mutations

You are small and have problems with some larger weapons.
You are somewhat resistant to further mutation.


Message History

The eight-headed hydra barely misses you.
The eight-headed hydra bites you!
* * * LOW HITPOINT WARNING * * *
The eight-headed hydra misses you.
The eight-headed hydra bites you but does no damage.
The rime drake bites you but does no damage.
You whack the eight-headed hydra!
The eight-headed hydra is severely wounded.
The rime drake bites you but does no damage.
You whack the eight-headed hydra!
The eight-headed hydra is almost dead.
The eight-headed hydra completely misses you.
The eight-headed hydra bites you.
* * * LOW HITPOINT WARNING * * *
The eight-headed hydra bites you but does no damage.
The eight-headed hydra barely misses you.
The eight-headed hydra misses you.
The eight-headed hydra bites you but does no damage.
The eight-headed hydra bites you!
You die...

..# ..# ..# #.#
#.# #.# #.##
##..####
#@.....###
#kD###....#####
...(##
###...#..#
..... #.##..###
## .......
#.####..###.
....... ###
#..#....
.......
#####P..
.....(. #....
##...


You could see an eight-headed hydra and a rime drake.

Vanquished Creatures
  Erolcha (D:11)
  2 two-headed ogres (D:8)
  Sonja (Lair:2)
  An unseen horror (D:10)
  An ugly thing (D:11)
  A deep elf mage (D:8)
  A black mamba (Lair:2)
  A rime drake (Lair:1)
  3 cane toads (Lair:1)
  5 komodo dragons
  Prince Ribbit (D:6)
  Grinder (D:6)
  12 blink frogs (Lair:1)
  A wraith (D:11)
  6 yaks (D:9)
  3 wyverns
  A steam dragon (D:11)
  A basilisk (Lair:2)
  Edmund (D:6)
  5 water moccasins
  Duvessa (D:6)
  2 hell hounds (Lair:1)
  2 ice beasts
  8 orc warriors
  2 sky beasts
  A necrophage (D:11)
  2 phantoms
  5 ogres
  5 wolves (Lair:2)
  6 centaurs
  2 big kobolds
  11 bullfrogs
  Dowan (D:6)
  A wyvern zombie (D:10)
  A wyvern skeleton (D:7)
  3 jellies
  5 scorpions
  5 wights (D:8)
  A howler monkey (D:11)
  An electric eel (D:8)
  2 bullfrog zombies
  2 quasits
  11 hounds
  2 centaur skeletons
  12 orc priests
  4 iguanas
  2 bullfrog skeletons
  16 orc wizards
  Natasha (thrice) (D:3)
  7 worker ants
  A worker ant zombie (D:8)
  11 gnolls
  A howler monkey skeleton (D:9)
  22 adders
  A river rat (D:4)
  4 shadow imps
  2 oozes
  2 adder zombies
  A worm (D:4)
  2 dart slugs
  3 leopard geckos
  58 orcs
  6 bats
  7 giant cockroaches
  10 goblins
  7 hobgoblins
  11 jackals
  15 kobolds
  9 quokkas
  5 ball pythons
  3 frilled lizards
  A giant cockroach zombie (D:6)
  A leopard gecko skeleton (D:4)
  A leopard gecko zombie (D:9)
  3 quokka skeletons
  6 rats
368 creatures vanquished.

Vanquished Creatures (collateral kills)
  A hydra (D:11)
1 creature vanquished.

Vanquished Creatures (others)
  A leopard gecko skeleton (D:4)
  11 fungi
  14 plants
26 creatures vanquished.

Grand Total: 395 creatures vanquished

Notes
Turn   | Place    | Note
-------+----------+-------------------------------------------
     0 | D:1      | promet the Halfling Hunter began the quest for the Orb.
     0 | D:1      | Reached XP level 1. HP: 14/14 MP: 1/1
    48 | D:1      | Reached skill level 6 in Slings
   375 | D:1      | Reached XP level 2. HP: 17/19 MP: 2/2
   879 | D:2      | Reached skill level 7 in Slings
   879 | D:2      | Reached XP level 3. HP: 24/24 MP: 3/3
   912 | D:2      | Reached XP level 4. HP: 14/29 MP: 4/4
  1286 | D:2      | Learned a level 1 spell: Corona
  1395 | D:2      | Found a broken altar of Ashenzari.
  1548 | D:2      | Noticed a centaur
  1558 | D:2      | Reached skill level 8 in Slings
  1560 | D:2      | Reached XP level 5. HP: 16/34 MP: 5/5
  1561 | D:2      | Killed a centaur
  1562 | D:2      | Reached skill level 1 in Short Blades
  1797 | D:2      | Found a faded altar of an unknown god.
  1835 | D:2      | Reached XP level 6. HP: 41/41 MP: 6/6
  1971 | D:3      | Reached skill level 9 in Slings
  2514 | D:3      | Found a glowing golden altar of the Shining One.
  2786 | D:3      | Noticed Natasha
  2814 | D:3      | Killed Natasha
  2990 | D:3      | Noticed Natasha
  3221 | D:3      | Killed Natasha
  3222 | D:3      | Reached skill level 1 in Armour
  3272 | D:3      | Noticed Natasha
  3288 | D:3      | Killed Natasha
  3421 | D:3      | Reached XP level 7. HP: 45/45 MP: 7/7
  3829 | D:3      | Found a blossoming altar of Fedhas.
  3898 | D:4      | Reached skill level 10 in Slings
  4258 | D:4      | Found a white marble altar of Elyvilon.
  4298 | D:4      | Found Nejy's General Store.
  4318 | D:4      | Bought 2 potions of curing for 72 gold pieces
  4790 | D:4      | Found a snail-covered altar of Cheibriados.
  4804 | D:4      | Found a shimmering altar of Xom.
  5096 | D:4      | Bought a scroll of enchant armour for 90 gold pieces
  5126 | D:4      | Reached XP level 8. HP: 52/52 MP: 8/8
  5647 | D:5      | Entered Level 5 of the Dungeon
  5658 | D:4      | Reached skill level 1 in Bows
  6524 | D:5      | Reached skill level 1 in Maces & Flails
  6524 | D:5      | Reached skill level 11 in Slings
  7301 | D:5      | Found a staircase to the Ecumenical Temple.
  7322 | Temple   | Entered the Ecumenical Temple
  7328 | Temple   | Became a worshipper of Dithmenos the Shadowed
  7352 | D:5      | Learned a level 1 spell: Magic Dart
  7813 | D:5      | Reached XP level 9. HP: 50/58 MP: 9/9
  8431 | D:6      | Noticed Prince Ribbit
  8659 | D:6      | Killed Prince Ribbit
  8660 | D:6      | Reached skill level 1 in Throwing
  8782 | D:6      | Reached skill level 5 in Maces & Flails
  8916 | D:6      | Noticed Grinder
  8983 | D:6      | Paralysed by Grinder for 3 turns
  8992 | D:6      | Killed Grinder
  9198 | D:6      | Found an ancient bone altar of Kikubaaqudgha.
  9241 | D:6      | Noticed Duvessa
  9262 | D:6      | Noticed Dowan
  9281 | D:6      | Killed Duvessa
  9281 | D:6      | Reached * piety under Dithmenos
  9289 | D:6      | Killed Dowan
  9389 | D:6      | Found a burning altar of Makhleb.
  9389 | D:6      | Noticed a green death
  9415 | D:6      | Noticed Edmund
  9475 | D:6      | Killed Edmund
  9943 | D:7      | Found a flagged portal.
  9965 | D:7      | Reached XP level 10. HP: 65/65 MP: 10/10
 10020 | D:7      | Found Omoqor's Jewellery Shoppe.
 10208 | D:7      | Found a sacrificial altar of Ru.
 10234 | D:7      | Reached skill level 5 in Bows
 10716 | D:8      | Found a transporter.
 11354 | D:8      | Reached ** piety under Dithmenos
 11460 | D:8      | Noticed a two-headed ogre
 11514 | D:8      | Killed a two-headed ogre
 11515 | D:8      | Reached skill level 5 in Fighting
 11826 | D:8      | Found an ornate altar of the Wu Jian Council.
 11852 | D:8      | Noticed a two-headed ogre
 11862 | D:8      | Killed a two-headed ogre
 11863 | D:8      | Reached skill level 1 in Evocations
 12026 | D:8      | Found a transporter.
 12060 | D:8      | Noticed boopsy's ghost (novice TrBr)
 12472 | D:8      | Noticed a deep elf mage
 12480 | D:8      | Killed a deep elf mage
 12481 | D:8      | Reached skill level 5 in Armour
 12481 | D:8      | Reached XP level 11. HP: 72/72 MP: 11/11
 13460 | D:9      | Noticed a two-headed ogre
 14213 | D:9      | Found an opulent altar of Gozag.
 16089 | D:9      | Reached *** piety under Dithmenos
 16338 | D:9      | Reached skill level 12 in Slings
 16481 | D:4      | Bought a scroll of enchant armour for 90 gold pieces
 16751 | D:10     | Entered Level 10 of the Dungeon
 16829 | D:10     | Found a staircase to the Orcish Mines.
 17516 | D:10     | Killed an unseen horror
 18125 | D:11     | Noticed a red ugly thing
 18135 | D:11     | Killed a red ugly thing
 18291 | D:11     | Noticed Erolcha
 18414 | D:11     | Killed Erolcha
 18730 | D:11     | Reached XP level 12. HP: 82/82 MP: 12/12
 19071 | D:11     | Found a staircase to the Lair.
 19219 | D:11     | Reached **** piety under Dithmenos
 19306 | D:11     | Noticed a five-headed hydra
 19624 | D:11     | Killed a five-headed hydra
 20047 | Lair:1   | Entered Level 1 of the Lair of Beasts
 20654 | Lair:1   | Found a dark tunnel.
 20657 | Lair:1   | Upgraded the game from 0.26.0-15-gc6cd9f700b to
                  | 0.26.0-16-gc1dbca0489
 21400 | Lair:1   | Reached skill level 1 in Axes
 21647 | Lair:1   | Reached skill level 10 in Bows
 22945 | Lair:2   | Noticed Sonja
 22953 | Lair:2   | Killed Sonja
 23490 | Lair:2   | Reached XP level 13. HP: 70/90 MP: 13/13
 23805 | Lair:2   | Noticed an eight-headed hydra
 23817 | Lair:2   | HP: 4/90 [eight-headed hydra (2)]
 23817 | Lair:2   | Slain by an eight-headed hydra

Illustrated notes

Levels and vault maps discovered:
D:1:      eino_arrival_tree_alley, layout_rooms
D:2:      layout_rooms, ashenzari_altar_1,
          chequers_ecumenical_altar_simple_redux
D:3:      layout_basic, tso_metal_star, fedhas_altar_4, uniq_natasha
D:4:      layout_basic, elyvilon_altar_4, amethyst_overflow_temple_binary,
          gup_sewer_entry_bubbles, serial_shops, shop
D:5:      minmay_razor_zed, layout_cave_pods, minmay_temple_entry_grid
D:6:      layout_cave_pods, old_standard_altar, makhleb_altar_promises_db,
          minmay_checkerbox, uniq_duvessa, uniq_grinder, uniq_prince_ribbit1,
          uniq_edmund
D:7:      layout_layer_cave, hangedman_ru_absence, serial_shops, shop,
          enter_bailey_5
D:8:      layout_basic, pdpol_wu_jian_five_deadly_venoms,
          gammafunk_ghost_stat_death, serial_bayou_pond_b, minmay_microvault
D:9:      layout_grid_maze, nicolae_gozag_seed_capital
D:10:     layout_basic, orc_0_dummy
D:11:     layout_layer_cave, lair_entry_dummy, uniq_erolcha
Temple:   pf_slimified_temple
Lair:1:   layout_cave_pods, enter_volcano_3, ldierk_geyser
Lair:2:   layout_cave_pods, uniq_sonja

Skill      XL: |  1  2  3  4  5  6  7  8  9 10 11 12 |
---------------+-------------------------------------+-----
Slings         | 6 7 8 9 10 11 12 | 12.3
Fighting       | 2 3 4 6 7 9 |  9.4
Short Blades   | 1 2 3 |  3.2
Armour         | 1 2 3 4 5 6 7 |  7.8
Bows           | 2 4 7 8 10 | 10.3
Maces & Flails | 3 5 6 7 |  7.3
Dodging        | 3 4 |  4.7
Stealth        | 2 3 |  3.4
Throwing       | 1 2 3 |  3.3
Evocations     | 1 |  1.5
Axes           | 1 |  1.7
Polearms       | |  0.5
Spellcasting   | |  0.3
Hexes          | |  0.2

Action                   |  1- 3 |  4- 6 |  7- 9 | 10-12 | 13-15 || total
-------------------------+-------+-------+-------+-------+-------++-------
Melee: Short sword       |    45 |    97 |   101 |     5 |       ||   248
       Mace              |       |     4 |       |       |       ||     4
       Whip              |       |       |   317 |   356 |     8 ||   681
       Dagger            |       |       |     1 |    17 |       ||    18
       Spear             |       |       |       |    23 |       ||    23
       Broad axe         |       |       |       |    12 |       ||    12
 Fire: Hunting sling     |    32 |   111 |    65 |   138 |       ||   346
       Shortbow          |       |     2 |   129 |   332 |     2 ||   465
Throw: Boomerang         |       |       |    12 |    17 |       ||    29
       Dart              |       |       |    10 |    16 |       ||    26
 Cast: Corona            |       |       |     1 |       |       ||     1
Evoke: Wand              |       |       |     1 |    14 |       ||    15
       Phantom mirror    |       |       |       |     1 |       ||     1
  Use: Scroll            |     6 |     5 |    16 |    16 |     1 ||    44
       Potion            |     4 |     2 |     6 |     4 |     1 ||    17
 Stab: Sleeping          |       |       |     2 |     4 |       ||     6
Armor: Ring mail         |    20 |    40 |    54 |       |       ||   114
       Leather armour    |     1 |       |       |       |       ||     1
       Scale mail        |       |       |    99 |   124 |    21 ||   244
Dodge: Dodged            |    25 |    80 |   295 |   333 |    16 ||   749
Block: Buckler           |       |       |       |     2 |       ||     2
